 Dungeon Crawl Stone Soup version 0.26-a0-631-ged93497179 (webtiles) character file.

Game seed: 15657085070326086219

1817 MrRokkomies the Skirmisher (level 8, -7/73 HPs)
             Began as a Demigod Delver on Sept 12, 2020.
             Mangled by a gnoll
             ... wielding a +0 halberd
              (9 damage)
             ... on level 6 of the Dungeon.
             The game lasted 00:19:20 (7877 turns).

MrRokkomies the Skirmisher (Demigod Delver)         Turns: 7877, Time: 00:19:20

Health: -7/73      AC:  5    Str: 15    XL:     8   Next: 55%
Magic:  10/10      EV: 15    Int: 24    God:
Gold:   367        SH:  4    Dex: 17    Spells: 7/7 levels left

rFire    . . .     SeeInvis .   m - +1 whip (elec)
rCold    + . .     Faith    .   u - +0 buckler
rNeg     . . .     Spirit   .   F - +1 leather armour {rC+}
rPois    .         Reflect  .   j - +0 helmet
rElec    .         Harm     .   H - scarf {repulsion}
rCorr    .         Rampage  .   (no gloves)
MR       +....                  (no boots)
Stlth    +++.......             x - amulet of the acrobat
HPRegen  0.22/turn              q - +6 ring of intelligence
MPRegen  0.12/turn              n - ring of protection from magic

@: repel missiles
A: high mp 1
a: no special abilities


You were on level 6 of the Dungeon.
You visited 1 branch of the dungeon, and saw 7 of its levels.

You collected 367 gold pieces.

Inventory:

Hand Weapons
 a - a +0 falchion
 m - a +1 whip of electrocution (weapon)
 w - a +1 rapier of speed
Missiles
 r - 6 boomerangs (quivered)
 A - a throwing net
Armour
 b - a +1 leather armour
 j - a +0 helmet (worn)
 u - a +0 buckler (worn)
 E - a +2 helmet
 F - a +1 leather armour of cold resistance (worn)
 H - a scarf of repulsion (worn)
Jewellery
 k - an uncursed ring of stealth
 n - a ring of protection from magic (right hand)
 q - a +6 ring of intelligence (left hand)
 x - an amulet of the acrobat (around neck)
Wands
 g - a wand of digging (3)
 l - a wand of paralysis (9)
Scrolls
 c - a scroll of fog
 d - a scroll of magic mapping
 h - a scroll of enchant armour
 o - a scroll of teleportation
 y - 5 scrolls of identify
 I - a scroll of remove curse
 J - a scroll of amnesia
 K - a scroll of immolation
Potions
 f - a potion of haste
 i - a potion of curing
 p - a potion of might
 s - a potion of flight
 t - 3 potions of heal wounds
 v - 3 potions of stabbing
 z - 5 potions of mutation
 B - 2 potions of resistance {unknown}
 C - a potion of invisibility {unknown}
 D - 2 potions of lignification {unknown}
 G - a potion of degeneration {unknown}


   Skills:
 * Level 7.6 Fighting
 - Level 5.0 Long Blades
 * Level 6.3 Dodging
 - Level 4.5 Stealth


You had 7 spell levels left.
You didn't know any spells.
Your spell library contained the following spells:

 Spells                   Type           Power        Failure   Level
 Confusing Touch          Hex            #.......     65%         3
 Gell's Gravitas          Tloc           #.........   65%         3
 Petrify                  Tmut/Erth      #.......     96%         4
 Metabolic Englaciation   Hex/Ice        #.........   100%        5
 Yara's Violent Unravell  Hex/Tmut       #.........   100%        5


Dungeon Overview and Level Annotations

Branches:
Dungeon (7/15)
 Temple: D:4-7

Shops:
D:7 :*


Innate Abilities, Weirdness & Mutations

You have an increased reservoir of magic. (+10% MP)


Message History

* * * LOW HITPOINT WARNING * * *
The gnoll closely misses you.
You barely miss the gnoll.
The gnoll is severely wounded.
The gnoll closely misses you. The gnoll hits you but does no damage.
You barely miss the gnoll.
The gnoll is severely wounded.
The gnoll hits you from afar with a +0 halberd!
* * * LOW HITPOINT WARNING * * *
The gnoll misses you.
Your shield prevents you from hitting the gnoll.
The gnoll is severely wounded.
The gnoll hits you with a +0 club!
* * * LOW HITPOINT WARNING * * *
The gnoll barely misses you.
You hit the gnoll but do no damage.
The gnoll is severely wounded.
The gnoll closely misses you.
The gnoll hits you from afar with a +0 halberd!
You die...

#######.# ##
#.......# .8#
#@### ### ..#
#g#8###8##...##8
#g..g...........
#..........⌠....
#...............
#.#8###8##...##8
...### ### [..#
. ..##. ...8# .#
(o.... . ..##


You could see 2 gnolls.

Vanquished Creatures
  A water moccasin (D:5)
  An orc warrior (D:6)
  4 ogres
  A bullfrog (D:7)
  A water moccasin skeleton (D:7)
  3 scorpions
  3 howler monkeys (D:4)
  A centaur zombie (D:5)
  A jelly (D:5)
  A hound (D:4)
  2 centaur skeletons (D:7)
  5 orc priests
  A bullfrog skeleton (D:5)
  A gnoll shaman (D:7)
  Terence (D:3)
  7 orc wizards
  3 worker ants
  Robin (D:2)
  5 gnolls
  9 adders
  An adder zombie (D:5)
  An adder skeleton (D:5)
  3 worms
  2 dart slugs (D:1)
  3 leopard geckos
  13 orcs
  A ball python (D:1)
  3 giant cockroaches
  23 goblins
  7 hobgoblins
  10 jackals
  7 kobolds
  2 quokkas (D:3)
  3 bats
  8 frilled lizards
  2 quokka zombies (D:5)
  9 rats
150 creatures vanquished.

Vanquished Creatures (others)
  16 plants (D:4)
16 creatures vanquished.

Grand Total: 166 creatures vanquished

Notes
Turn   | Place    | Note
-------+----------+-------------------------------------------
     0 | D:5      | MrRokkomies the Demigod Delver began the quest for the Orb.
     0 | D:5      | Reached XP level 1. HP: 18/18 MP: 3/3
     9 | D:5      | Found a basalt altar of Yredelemnul.
    58 | D:5      | Noticed a scorpion
   110 | D:4      | Noticed a howler monkey
   141 | D:4      | Noticed a howler monkey
   166 | D:4      | Noticed a worker ant
   317 | D:2      | Reached skill level 3 in Fighting
   317 | D:2      | Reached XP level 2. HP: 10/26 MP: 4/4
   590 | D:2      | Found a snail-covered altar of Cheibriados.
   844 | D:2      | Found a shattered altar of Ashenzari.
  1020 | D:2      | Reached XP level 3. HP: 26/31 MP: 5/5
  1560 | D:1      | You fall into a shaft and drop 1 floor!
  2451 | D:2      | Found a shimmering altar of Xom.
  2451 | D:2      | Found a blossoming altar of Fedhas.
  2533 | D:2      | Reached XP level 4. HP: 39/39 MP: 6/6
  2544 | D:2      | Found a shattered altar of Ashenzari.
  2545 | D:2      | Noticed Robin
  2645 | D:2      | Killed Robin
  2808 | D:2      | Found an ornate altar of the Wu Jian Council.
  3069 | D:3      | Noticed Terence
  3088 | D:3      | Killed Terence
  3088 | D:3      | Reached skill level 4 in Fighting
  3223 | D:3      | Reached XP level 5. HP: 34/46 MP: 7/7
  3675 | D:3      | Found a faded altar of an unknown god.
  4088 | D:4      | Reached XP level 6. HP: 43/53 MP: 8/8
  4679 | D:4      | Reached skill level 5 in Fighting
  4834 | D:4      | Found a stormy altar of Qazlal.
  5149 | D:4      | Reached XP level 7. HP: 54/61 MP: 9/9
  5400 | D:4      | Found a shimmering blue altar of Sif Muna.
  5429 | D:4      | Found a glowing silver altar of Zin.
  5747 | D:5      | Reached skill level 5 in Long Blades
  6203 | D:5      | Reached skill level 6 in Fighting
  6688 | D:5      | Reached skill level 5 in Dodging
  6723 | D:5      | Reached XP level 8. HP: 67/71 MP: 10/10
  7147 | D:7      | Found Keppoiqe's Book Shoppe.
  7174 | D:7      | Reached skill level 7 in Fighting
  7734 | D:7      | Found Juehel's General Store.
  7876 | D:6      | HP: 2/73 [gnoll/+0 club (11)]
  7877 | D:6      | Mangled by a gnoll

Illustrated notes

Levels and vault maps discovered:
D:1:      minmay_arrival_hallway, layout_basic
D:2:      layout_loops_cross, gammafunk_temple_overflow_statue,
          lemuel_round_altar, cheibriados_altar_1,
          nicolae_overflow_hidden_temple, lemuel_statue_altar, uniq_robin
D:3:      layout_rooms, chequers_ecumenical_altar_grove, uniq_terence
D:4:      layout_basic, kennysheep_little_box, tgw_sif, chequers_big_river,
          nicolae_qazlal_general_emergency
D:5:      layout_basic, nicolae_overflow_crystal_walls
D:6:      layout_rooms, minmay_temple_entry_junction, portal_sewer_entry_e,
          serial_corexii_hall, corexii_hall_statues_l, corexii_hall_statues_x,
          st_stairs_8
D:7:      layout_loops_cross, okawaru_ov_weapons_minmay, serial_shops,
          kennysheep_mini_moat, shop_coins, shop, shop

Skill      XL: |  1  2  3  4  5  6  7  8 |
---------------+-------------------------+-----
Fighting       | 3 4 5 6 7 |  7.6
Long Blades    | 2 3 4 5 |  5.0
Dodging        | 2 3 5 6 |  6.3
Stealth        | |  4.5

Action                   |  1- 3 |  4- 6 |  7- 9 || total
-------------------------+-------+-------+-------++-------
Melee: Falchion          |    16 |       |       ||    16
       Whip              |   134 |   204 |   208 ||   546
Throw: Boomerang         |       |     7 |     1 ||     8
       Dart              |       |     9 |    19 ||    28
       Throwing net      |       |       |     1 ||     1
Evoke: Wand              |     1 |     1 |       ||     2
  Use: Scroll            |     6 |     5 |     4 ||    15
       Potion            |       |     2 |     1 ||     3
 Stab: Sleeping          |    15 |     9 |     5 ||    29
       Paralysed         |     1 |     5 |       ||     6
       Fleeing           |       |     1 |       ||     1
       Held in net/web   |       |       |     1 ||     1
Armor: Leather armour    |    35 |    39 |    35 ||   109
Dodge: Dodged            |    98 |   103 |   165 ||   366
Block: Buckler           |       |    22 |    30 ||    52
       Rpst.: Falchion   |     5 |       |       ||     5

Table legend: (Time is in decaauts)
 A = Elapsed time spent in this place.
 B = Non-inter-level travel time spent in this place.
 C = Inter-level travel time spent in this place.
 D = Time resting spent in this place.
 E = Time spent auto-exploring this place.
 F = Levels seen in this place.
 G = Mean time per level.
                   A        B        C        D        E       F      G
               +--------+--------+--------+--------+--------+-----+--------+
         Total |   7975 |   7690 |    285 |   1547 |   4693 |   7 | 1139.3 |
       Dungeon |   7975 |   7690 |    285 |   1547 |   4693 |   7 | 1139.3 |
               +--------+--------+--------+--------+--------+-----+--------+

Top non-repeatable levels by time:
     D:4: 1974 daAuts
     D:2: 1521 daAuts
     D:5: 1339 daAuts
     D:1: 1214 daAuts
     D:7: 980 daAuts
     D:3: 860 daAuts
     D:6: 83 daAuts
